 Dungeon Crawl Stone Soup version 0.29-a0-716-gf28ee254f9 (webtiles) character file.

Game seed: 8246738880405360776

1755 Conn the Magician (level 9, 0/52 HPs)
             Began as an Octopode Fire Elementalist on June 26, 2022.
             Was an Initiate of Sif Muna.
             Killed by nerve-wracking pain
             ... invoked by an orc priest
              (11 damage)
             ... on level 7 of the Dungeon.
             The game lasted 00:15:44 (5825 turns).

Conn the Magician (Octopode Fire Elementalist)      Turns: 5825, Time: 00:15:48

Health: 0/52       AC:  1    Str:  8    XL:     9   Next: 6%
Magic:  11/19      EV: 13    Int: 21    God:    Sif Muna [......]
Gold:   357        SH:  0    Dex: 12    Spells: 5/21 levels left

rFire   . . .      SeeInvis .   n - +1 dagger (pain)
rCold   . . .      Faith    .   (no shield)
rNeg    . . .      Spirit   .   (helmet restricted)
rPois   .          Reflect  .   y - amulet of magic regeneration
rElec   .          Harm     .   (no ring)
rCorr   .          Rampage  .   (no ring)
Will    .....                   (no ring)
Stlth   ++++......              (no ring)
HPRegen 0.17/turn               (no ring)
MPRegen 0.56/turn               (no ring)
                                (no ring)
                                (no ring)

@: very slightly contaminated
A: almost no armour, amphibious, 8 rings, camouflage 1, gelatinous body 1,
(nimble swimmer 1), tentacles
a: Renounce Religion


You were on level 7 of the Dungeon.
You worshipped Sif Muna.
Sif Muna was noncommittal.
You visited 2 branches of the dungeon, and saw 8 of its levels.

You collected 357 gold pieces.

Inventory:

Hand Weapons
 c - a +0 dagger
 n - a +1 dagger of pain (weapon)
 p - a +1 hammer of protection
Missiles
 m - 2 throwing nets (quivered)
 B - 7 poisoned darts
Jewellery
 y - an amulet of magic regeneration (around mantle)
 C - a ring of ice
Wands
 t - a wand of digging (8)
 v - a wand of flame (11)
Scrolls
 b - 2 scrolls of magic mapping {unknown}
 d - a scroll of amnesia {unknown}
 e - 2 scrolls of vulnerability {unknown}
 f - 3 scrolls of noise {unknown}
 j - 6 scrolls of teleportation {unknown}
 o - 2 scrolls of enchant weapon {unknown}
 q - 3 scrolls of fog {unknown}
 r - 4 scrolls of identify {unknown}
 w - a scroll of enchant armour {unknown}
 D - a scroll of summoning {unknown}
 E - a scroll of blinking {unknown}
Potions
 a - a potion of magic
 g - 4 potions of curing {unknown}
 h - a potion of resistance {unknown}
 i - 2 potions of heal wounds {unknown}
 k - a potion of might {unknown}
 l - a potion of lignification {unknown}
 s - a potion of flight {unknown}
 u - a potion of degeneration {unknown}
 x - 2 potions of brilliance {unknown}
 z - 3 potions of berserk rage {unknown}
 A - a potion of attraction {unknown}
 F - a potion of haste {unknown}
 G - a potion of invisibility {unknown}


   Skills:
 + Level 0.5 Fighting
 + Level 2.0 Short Blades
 + Level 2.4 Dodging
 + Level 4.9 Stealth
 + Level 6.8 Spellcasting
 * Level 3.7 Conjurations
 * Level 2.8 Summonings
 + Level 6.6 Fire Magic


You had 5 spell levels left.
You knew the following spells:

 Your Spells              Type           Power      Damage    Failure   Level
a - Foxfire               Conj/Fire      100%       2x1d9     1%          1
b - Conjure Flame         Conj/Fire      28%        6-21      3%          3
c - Inner Flame           Hex/Fire       21%        N/A       7%          3
d - Flame Wave            Conj/Fire      28%        2d8       11%         4
e - Scorch                Fire           68%        2d8       1%          2
f - Call Canine Familiar  Summ           19%        N/A       9%          3

Your spell library contained the following spells:

 Spells                   Type           Power      Damage    Failure   Level
 Static Discharge         Conj/Air       15%        N/A       6%          2
 Sticky Flame             Conj/Fire      28%        2d5       11%         4
 Portal Projectile        Hex/Tloc       14%        N/A       26%         3
 Dispel Undead            Necr           7%         3d8       65%         4
 Leda's Liquefaction      Hex/Erth       3%         N/A       65%         4
 Conjure Ball Lightning   Conj/Air       7%         3x3d6     100%        6
 Discord                  Hex            3%         N/A       100%        8
 Disjunction              Tloc           3%         N/A       100%        8


Dungeon Overview and Level Annotations

Branches:
Dungeon (7/15)             Temple (1/1) D:7

Altars:
Ashenzari
Cheibriados
Hepliaklqana
Makhleb
Ru
Sif Muna
Trog
Uskayaw
Wu Jian
Xom
Yredelemnul
The Shining One

Shops:
D:2 *

Annotations:
D:6 Dowan, Duvessa, Eustachio


Innate Abilities, Weirdness & Mutations

You cannot wear most types of armour.
You are amphibious.
You can wear up to eight rings at the same time.
Your skin changes colour to match your surroundings (Stealth+).
Your rubbery body absorbs attacks. (AC +1, EV +1)
((You are camouflaged when in or above water. (Stealth+)))
You have tentacles for arms and can constrict up to eight enemies at once.


Message History

You grab the ufetubus.
The ufetubus is heavily wounded.
You constrict the ufetubus, but do no damage.
The ufetubus closely misses you. x2; The ufetubus hits you.
The ufetubus barely misses you.
The orc priest mumbles some strange prayers to Beogh against you.
Beogh smites you!
Casting: Scorch (safe; 1% risk of failure)
Confirm with . or Enter, or press ? or * to list all spells.
Casting: Flame Wave (dangerous; 11% risk of failure)
Press: ? - help, Dir - look around, f - activate You miscast Flame Wave.
You are very lightly contaminated with residual magic.
Nothing appears to happen.
You constrict the ufetubus, but do no damage.
The ufetubus misses you. The ufetubus hits you.
Casting: Flame Wave (dangerous; 11% risk of failure)
Confirm with . or Enter, or press ? or * to list all spells.
Casting: Flame Wave (dangerous; 11% risk of failure)
Press: ? - help, Dir - look around, f - activate A wave of flame ripples out!
The flame wave engulfs the ufetubus!
The ufetubus is burned terribly!
You kill the ufetubus!
Sif Muna accepts your kill.
The flame wave engulfs the orc!
You kill the orc!
Sif Muna accepts your kill. (Press . to intensify the flame waves.)
The orc priest mumbles some strange prayers to Beogh against you.
Beogh smites you!
* * * LOW HITPOINT WARNING * * *
Okay, then.
Casting: Flame Wave (dangerous; 11% risk of failure)
Confirm with . or Enter, or press ? or * to list all spells.
Flames lash the orc priest.
The orc priest is heavily wounded.
The orc priest's fire resistance burns away.
The orc priest calls down the wrath of Beogh upon you.
Pain shoots through your body!
You die...

################## ....
.................. ....
..........#####...
..............# #...
.............### #...
#####o########....# #...
.............#..#.# #...
.......).....#..#.###...
.......@.....#.[#..##...
###########..#.)##.##...
#..#..##.##...
#..#..##.##...
#..#..##..#...
#..#..###.####
#..#.......###
#..'.....[.[[.
#..#.....#..##


You could see an orc priest (combustible).

Vanquished Creatures
  A steam dragon (D:7)
  An orc warrior (D:7)
  A black bear (D:5)
  2 ice beasts
  A sky beast (D:7)
  2 ogres (D:4)
  A bullfrog (D:7)
  4 scorpions
  3 jellies
  3 hounds
  Crazy Yiuf (D:2)
  2 orc priests (D:7)
  Jessica (D:2)
  Ijyb (D:3)
  3 iguanas
  2 orc wizards (D:7)
  7 gnolls
  9 adders
  A shadow imp (D:4)
  2 ufetubi
  2 worms
  4 dart slugs
  7 orcs
  5 endoplasms
  2 giant cockroaches
  11 hobgoblins
  13 kobolds
  2 quokkas (D:3)
  4 ball pythons
  9 bats
  A frilled lizard (D:1)
  7 goblins
  4 rats
119 creatures vanquished.

Vanquished Creatures (others)
  414 foxfires
414 creatures vanquished.

Grand Total: 533 creatures vanquished

Notes
Turn   | Place    | Note
-------+----------+-------------------------------------------
     0 | D:1      | Conn the Octopode Fire Elementalist began the quest for the
                  | Orb.
     0 | D:1      | Reached XP level 1. HP: 11/11 MP: 3/3
   315 | D:1      | Reached XP level 2. HP: 17/17 MP: 0/5
   630 | D:1      | Found a faded altar of an unknown god.
   786 | D:1      | Reached XP level 3. HP: 21/21 MP: 0/6
  1063 | D:2      | Found Nesoyng's General Store.
  1276 | D:2      | Noticed Jessica
  1320 | D:2      | Reached XP level 4. HP: 25/27 MP: 3/7
  1671 | D:2      | Killed Jessica
  1892 | D:2      | You fall into a shaft and drop 1 floor!
  2115 | D:3      | Reached XP level 5. HP: 31/31 MP: 3/9
  2456 | D:2      | Found a runed translucent door.
  2457 | D:2      | Noticed Crazy Yiuf
  2464 | D:2      | Learned a level 2 spell: Scorch
  2468 | D:2      | Learned a level 3 spell: Conjure Flame
  2472 | D:2      | Learned a level 3 spell: Inner Flame
  2504 | D:2      | Killed Crazy Yiuf
  3083 | D:3      | Noticed Ijyb
  3087 | D:3      | Killed Ijyb
  3088 | D:3      | Reached XP level 6. HP: 35/37 MP: 1/11
  3834 | D:4      | Reached XP level 7. HP: 39/42 MP: 10/13
  3875 | D:4      | Learned a level 4 spell: Flame Wave
  3895 | D:4      | Reached skill level 5 in Fire Magic
  4146 | D:5      | Entered Level 5 of the Dungeon
  4160 | D:5      | Reached skill level 5 in Spellcasting
  4318 | D:5      | Found a hazy altar of Hepliaklqana.
  4491 | D:5      | Reached XP level 8. HP: 47/47 MP: 13/16
  4530 | D:5      | Reached skill level 1 in Short Blades
  4694 | D:5      | Found a shimmering altar of Xom.
  4694 | D:5      | Found a basalt altar of Yredelemnul.
  4694 | D:5      | Found a broken altar of Ashenzari.
  4967 | D:7      | Learned a level 3 spell: Call Canine Familiar
  4972 | D:7      | Found a staircase to the Ecumenical Temple.
  4978 | Temple   | Entered the Ecumenical Temple
  4984 | Temple   | Became a worshipper of Sif Muna the Loreminder
  5165 | D:7      | Reached skill level 1 in Summonings
  5541 | D:6      | Noticed Duvessa
  5541 | D:6      | Noticed Dowan
  5543 | D:6      | Noticed Eustachio
  5695 | D:7      | Reached XP level 9. HP: 52/52 MP: 12/19
  5825 | D:7      | Killed from afar by an orc priest

Illustrated notes

Levels and vault maps discovered:
D:1:      minmay_arrival_widening_spiral_narrow, layout_basic,
          shapermc_ecumenical_altar_ellora, minmay_splitting_lines
D:2:      layout_basic, serial_shops, shop, kennysheep_generic_room_13,
          uniq_crazy_yiuf_cottage, uniq_jessica
D:3:      layout_basic, uniq_ijyb
D:4:      layout_basic
D:5:      layout_basic, kennysheep_mini, gammafunk_temple_overflow_claw
D:6:      layout_cave_pools, uniq_eustachio, uniq_duvessa, uniq_sigmund
D:7:      layout_basic, grunt_dithmenos_shadows, minmay_temple_entry_mini_moons
Temple:   eino_narrow_crystal_temple

Skill      XL: |  1  2  3  4  5  6  7  8 |
---------------+-------------------------+-----
Stealth        | 3 4 |  4.9
Fire Magic     | 4 5 6 |  6.6
Spellcasting   | 3 4 5 6 |  6.8
Conjurations   | 2 3 |  3.7
Short Blades   | 2 |  2.0
Summonings     | 2 |  2.8
Fighting       | |  0.5
Dodging        | |  2.4

Action                   |  1- 3 |  4- 6 |  7- 9 || total
-------------------------+-------+-------+-------++-------
Melee: Dagger            |    28 |    29 |    16 ||    73
       Constrict         |    10 |     5 |     5 ||    20
       Tentacles         |     5 |     8 |     3 ||    16
Throw: Throwing net      |       |     1 |       ||     1
 Cast: Foxfire           |    41 |   105 |    97 ||   243
       Scorch            |       |    12 |    32 ||    44
       Conjure Flame     |       |       |     3 ||     3
       Call Canine Famil |       |       |     2 ||     2
       Inner Flame       |       |       |     2 ||     2
       Flame Wave        |       |       |     1 ||     1
 Stab: Sleeping          |     4 |     4 |     6 ||    14
Armor: Skin              |     5 |       |     2 ||     7
Dodge: Dodged            |     9 |    25 |    24 ||    58

Table legend: (Time is in decaauts)
 A = Elapsed time spent in this place.
 B = Non-inter-level travel time spent in this place.
 C = Inter-level travel time spent in this place.
 D = Time resting spent in this place.
 E = Time spent auto-exploring this place.
 F = Levels seen in this place.
 G = Mean time per level.
                   A        B        C        D        E       F      G
               +--------+--------+--------+--------+--------+-----+--------+
         Total |   5822 |   5729 |     93 |    191 |   4205 |   8 |  727.8 |
       Dungeon |   5809 |   5716 |     93 |    191 |   4205 |   7 |  829.9 |
        Temple |     12 |     12 |      0 |      0 |      0 |   1 |   12.0 |
               +--------+--------+--------+--------+--------+-----+--------+

Top non-repeatable levels by time:
     D:2: 1287 daAuts
     D:3: 1096 daAuts
     D:7: 1042 daAuts
     D:1: 1038 daAuts
     D:4: 721 daAuts
     D:5: 563 daAuts
     D:6: 59 daAuts
  Temple: 12 daAuts
